 Dungeon Crawl Stone Soup version 0.25-b1-37-g2669288c55 (webtiles) character file.

Game seed: 8871296017794377199

2755 GreyFruit the Grappler (level 9, -1/83 HPs)
             Began as a Troll Monk on June 4, 2020.
             Slain by a killer bee (4 damage)
             ... on level 7 of the Dungeon on June 5, 2020.
             The game lasted 00:19:09 (5728 turns).

GreyFruit the Grappler (Troll Monk)                 Turns: 5728, Time: 00:19:10

Health: -1/83      AC: 10    Str: 24    XL:     9   Next: 41%
Magic:  0/8        EV: 12    Int:  6    God:
Gold:   285        SH:  0    Dex: 12    Spells: 8/8 levels left

rFire    + . .     SeeInvis .     - Unarmed
rCold    + . .     Gourm    +   (no shield)
rNeg     . . .     Faith    .   l - +2 robe {rC+ rF+}
rPois    .         Spirit   +   (helmet restricted)
rElec    .         Reflect  .   g - +1 cloak {MR+}
rCorr    +         Harm     .   (gloves unavailable)
MR       ++...                  (boots unavailable)
Stlth    ++........             C - amulet of guardian spirit
HPRegen  0.63/turn              w - ring of resist corrosion
MPRegen  0.11/turn              v - ring of protection from magic

@: lethally poisoned (-1 -> -7), lightly drained
A: large, unfitting armour, claws 3, talons 1, fast metabolism 3, gourmand,
regeneration 1, shaggy fur 1, tough skin 3, MP-powered wands
a: no special abilities


You were on level 7 of the Dungeon.
You were completely stuffed.

You visited 2 branches of the dungeon, and saw 9 of its levels.

You collected 285 gold pieces.

Inventory:

Missiles
 j - a large rock (quivered)
 t - 4 silver javelins
 D - a throwing net
Armour
 a - a +0 robe
 g - a +1 cloak of magic resistance (worn)
 l - a +2 robe of resistance (worn)
Jewellery
 k - an uncursed ring of magical power
 u - an uncursed ring of magical power
 v - a ring of protection from magic (right claw)
 w - a ring of resist corrosion (left claw)
 z - the ring "Hefiesec" {rC+ rN+ Int+5, unknown}
   (You found it on level 7 of the Dungeon)

   [ring of protection from cold]

   It affects your intelligence (+5).
   It protects you from cold.
   It protects you from negative energy.
 C - an amulet of guardian spirit (around neck)
Wands
 y - a wand of acid (9)
Scrolls
 f - 3 scrolls of noise
 h - 8 scrolls of identify
 q - a scroll of fear {unknown}
 r - a scroll of teleportation
 s - 7 scrolls of remove curse
 x - a scroll of fog {unknown}
 F - a scroll of amnesia {unknown}
Potions
 c - 4 potions of heal wounds
 d - 4 potions of stabbing
 e - 3 potions of curing
 i - 2 potions of brilliance
 m - 2 potions of lignification
 n - 3 potions of flight {unknown}
 o - a potion of might {unknown}
 p - 2 potions of berserk rage {unknown}
 A - a potion of haste {unknown}
 B - a potion of ambrosia {unknown}
 G - a potion of degeneration {unknown}
Comestibles
 b - 15 rations
 E - 4 chunks of flesh


   Skills:
 + Level 3.6(3.5) Fighting
 + Level 6.2(6.1) Dodging
 - Level 2.0(1.9) Stealth
 + Level 10.5(10.4) Unarmed Combat


You had 8 spell levels left.
You didn't know any spells.
Your spell library was empty.

Dungeon Overview and Level Annotations

Branches:
Dungeon (8/15)             Temple (1/1) D:7
   Lair: D:8-11

Altars:
Cheibriados
Dithmenos
Elyvilon
Fedhas
Gozag
Hepliaklqana
Kikubaaqudgha
Makhleb
Nemelex Xobeh
Okawaru
Qazlal
Ru
Sif Muna
Trog
Uskayaw
Vehumet
Wu Jian
Xom
Yredelemnul
Zin
The Shining One

Shops:
D:5 !   D:6 %

Annotations:
D:3 Sigmund
D:5 hitsuchi's ghost, amateur DsAK


Innate Abilities, Weirdness & Mutations

You are too large for most types of armour.
You have claws for hands.
Your metabolism is lightning-fast.
You like to eat raw meat.
Your natural rate of healing is unusually fast.
You are covered in fur. (AC +1)
You have extremely tough skin. (AC +3)
You have sharp toenails.
You expend magic power (3 MP) to strengthen your wands.


Message History

You feel sick.
The killer bee stings you but does no damage. x2
The killer bee barely misses you.
The killer bee stings you but does no damage. x2
You feel sick.
The killer bee stings you but does no damage.
The killer bee closely misses you.
You scratch the killer bee. Your kick misses the killer bee.
The killer bee is lightly wounded.
You feel sick. The killer bee misses you.
The killer bee stings you but does no damage.
The killer bee closely misses you. x2; The killer bee stings you.
* * * LOW HITPOINT WARNING * * *
The killer bee stings you.
* * * LOW HITPOINT WARNING * * *
The killer bee stings you!
* * * LOW HITPOINT WARNING * * *
You are lethally poisoned!
The killer bee poisons you! The killer bee stings you.
You die...

...............###.#....(........
...............###.#..#.((.......
........................(.(......
..............#.##.........(.....
..............#..#.............).
..............##.#....#..........
..............##.#......#....####
..............##.y...........####
...............y@y......#.......#
##............##yy......#.......#
..................>.##..#.......#
...............#........#.......#
...##<......#..#........#.......#
..........#.#..#..#.....#........
................#.......#........
.............#..........#.....)..
.............##.#.......#.....[).


You could see 5 killer bees.

Vanquished Creatures
  Joseph (D:8)
  Prince Ribbit (D:7)
  An orc warrior (D:2)
  An ice beast (D:5)
  A phantom (D:5)
  2 ogres (D:7)
  A black bear (D:7)
  A centaur (D:7)
  A bullfrog (D:6)
  3 scorpions
  4 wights (D:8)
  2 crimson imps
  A bullfrog skeleton (D:7)
  3 hounds
  2 orc priests (D:3)
  Jessica (D:3)
  Crazy Yiuf (D:2)
  Natasha (thrice) (D:3)
  2 iguanas (D:5)
  10 orc wizards
  10 worker ants
  2 hound skeletons
  A killer bee simulacrum (D:5)
  A worker ant zombie (D:7)
  3 gnolls (D:6)
  10 adders
  3 shadow imps
  A worker ant simulacrum (D:5)
  An ooze (D:4)
  2 adder skeletons
  2 worms (D:2)
  2 dart slugs (D:1)
  3 leopard geckos
  31 orcs
  A ball python (D:2)
  12 bats
  5 giant cockroaches
  4 goblins
  7 hobgoblins
  3 jackals (D:2)
  12 kobolds
  3 quokkas
  7 frilled lizards
  A jackal skeleton (D:4)
  A leopard gecko simulacrum (D:5)
  6 rats
176 creatures vanquished.

Notes
Turn   | Place    | Note
-------+----------+-------------------------------------------
     0 | D:1      | GreyFruit the Troll Monk began the quest for the Orb.
     0 | D:1      | Reached XP level 1. HP: 22/22 MP: 0/0
    76 | D:1      | Reached XP level 2. HP: 29/29 MP: 1/1
   604 | D:1      | Reached XP level 3. HP: 36/36 MP: 2/2
   888 | D:2      | Reached XP level 4. HP: 42/44 MP: 3/3
   964 | D:2      | Reached skill level 4 in Unarmed Combat
  1461 | D:2      | Found a runed translucent door.
  1462 | D:2      | Noticed Crazy Yiuf
  1470 | D:2      | Killed Crazy Yiuf
  1636 | D:3      | Noticed Natasha
  1663 | D:3      | Reached XP level 5. HP: 48/52 MP: 4/4
  1719 | D:3      | Killed Natasha
  1779 | D:3      | Noticed an orc warrior
  1845 | D:3      | Noticed Natasha
  1851 | D:3      | Killed Natasha
  1886 | D:3      | Reached skill level 5 in Unarmed Combat
  1938 | D:3      | Reached XP level 6. HP: 44/59 MP: 5/5
  2179 | D:3      | Noticed Natasha
  2202 | D:3      | Noticed Sigmund
  2236 | D:2      | Gained mutation: You expend magic power (3 MP) to
                  | strengthen your wands. [potion of mutation]
  2236 | D:2      | Gained mutation: You have sharp toenails. [potion of
                  | mutation]
  2241 | D:2      | Killed an orc warrior
  2383 | D:3      | Noticed Jessica
  2385 | D:3      | Killed Jessica
  2479 | D:3      | Killed Natasha
  2479 | D:3      | Reached skill level 6 in Unarmed Combat
  2600 | D:3      | Found a glowing silver altar of Zin.
  2600 | D:3      | Found a shimmering altar of Xom.
  2601 | D:3      | Found a shadowy altar of Dithmenos.
  2706 | D:4      | Reached XP level 7. HP: 60/67 MP: 6/6
  3255 | D:5      | Entered Level 5 of the Dungeon
  3417 | D:5      | Reached skill level 7 in Unarmed Combat
  3429 | D:5      | Found a runed translucent gate.
  3429 | D:5      | Found a runed translucent gate.
  3430 | D:5      | Found a runed translucent gate.
  3625 | D:5      | Found Xoipung's Distillery.
  3812 | D:5      | Noticed hitsuchi's ghost (amateur DsAK)
  3940 | D:5      | Reached XP level 8. HP: 75/75 MP: 7/7
  3953 | D:5      | Reached skill level 5 in Dodging
  4135 | D:6      | Found Qudougao's Food Boutique.
  4188 | D:6      | Reached skill level 8 in Unarmed Combat
  4603 | D:7      | Noticed Prince Ribbit
  4614 | D:7      | Killed Prince Ribbit
  4614 | D:7      | Reached skill level 9 in Unarmed Combat
  4918 | D:7      | Found a staircase to the Ecumenical Temple.
  4959 | D:7      | Reached XP level 9. HP: 83/83 MP: 8/8
  4979 | Temple   | Entered the Ecumenical Temple
  5455 | D:7      | Got a flickering ivory ring
  5592 | D:8      | Noticed Joseph
  5616 | D:8      | Killed Joseph
  5616 | D:8      | Reached skill level 10 in Unarmed Combat
  5728 | D:7      | HP: 3/83 [killer bee (8)]
  5728 | D:7      | Slain by a killer bee

Illustrated notes

Levels and vault maps discovered:
D:1:      dpeg_arrival_round_b, layout_basic
D:2:      layout_loops_ring, grunt_ministairs_2, guppyfry_early_orc_mine,
          uniq_crazy_yiuf_cottage
D:3:      layout_basic, gammafunk_temple_overflow_claw, portal_sewer_entry_d,
          uniq_sigmund, uniq_natasha, uniq_jessica
D:4:      layout_cave_pools, first_ration, kennysheep_potato
D:5:      layout_loops_cross, serial_shops, nicolae_shop_stone,
          gammafunk_ghost_icy, serial_rivers, chequers_serial_rivers_room_b,
          chequers_serial_rivers_marsh, chequers_serial_rivers_small_b,
          chequers_serial_rivers_room_b, chequers_serial_rivers_small_3
D:6:      layout_rooms, serial_shops, shop, due_unseen_surprise
D:7:      layout_basic, temple_statues, grunt_ogre_cave, uniq_prince_ribbit1
D:8:      layout_cave_pools, nemelex_diamond_rough_becter, uniq_joseph,
          uniq_psyche, uniq_pikel
Temple:   compressed_dpeg_circular_temple

Skill      XL: |  1  2  3  4  5  6  7  8  9 |
---------------+----------------------------+-----
Dodging        | 3 4 5 6 |  6.2
Unarmed Combat | 4 5 6 7 9 10 | 10.5
Fighting       | 3 |  3.6
Stealth        | 2 |  2.0

Action                   |  1- 3 |  4- 6 |  7- 9 || total
-------------------------+-------+-------+-------++-------
Melee: Unarmed           |   109 |   163 |   271 ||   543
       Punch             |       |     5 |    13 ||    18
       Kick              |       |     7 |    72 ||    79
  Use: Scroll            |       |     3 |     1 ||     4
       Potion            |       |     7 |     1 ||     8
 Stab: Sleeping          |       |     1 |     5 ||     6
  Eat: Chunk             |    14 |    16 |    28 ||    58
Armor: Robe              |    44 |    58 |   112 ||   214
Dodge: Dodged            |    63 |    92 |   170 ||   325
